PAAA
BAKERSFIELD NOBLES @ PHOENIX HOTSPUR RESERVES
08/16/2017
 
TOP OF THE 1ST
Bakersfield Nobles batting - Pitching for Phoenix Hotspur Reserves : RHP Russ Rose
Pitching: RHP Russ Rose
Batting: SHB Walt Smith 0-0: Foul Ball, location: 2F
0-1: Ground out 4-3 (Groundball, 4)
Batting: LHB Tim Walker 0-0: Called Strike
0-1: Fly out, F5 (Popup, 5SF)
Batting: RHB Jorge Gonz嫮es 0-0: Ball
1-0: Ball
2-0: Called Strike
2-1: Foul Ball, location: 2F
2-2: SINGLE (Flyball, 8RS)
Batting: LHB Chris Nelson 0-0: Ball
1-0: Fly out, F6 (Popup, 6D)
Top of the 1st over - 0 run(s), 1 hit(s), 0 error(s), 1 left on base; Bakersfield 0 - Phoenix 0
BOTTOM OF THE 1ST
Phoenix Hotspur Reserves batting - Pitching for Bakersfield Nobles : RHP Robert Murdock
Pitching: RHP Robert Murdock
Batting: LHB Ricardo Miranda 0-0: Ball
1-0: Called Strike
1-1: Foul Ball, location: 2F
1-2: Strikes out looking
Batting: RHB Jaime Chavarriaga 0-0: Ball
1-0: Ball
2-0: Foul Ball, location: 2F
2-1: Ball
3-1: Ground out 1-3 (Groundball, 25)
Batting: LHB Chad Campbell 0-0: Ball
1-0: Called Strike
1-1: Swinging Strike
1-2: Ball
2-2: Strikes out swinging
Bottom of the 1st over - 0 run(s), 0 hit(s), 0 error(s), 0 left on base; Bakersfield 0 - Phoenix 0
TOP OF THE 2ND
Bakersfield Nobles batting - Pitching for Phoenix Hotspur Reserves : RHP Russ Rose
Batting: SHB Ernest Miller 0-0: Ball
1-0: Swinging Strike
1-1: Ball
2-1: Ball
3-1: Called Strike
3-2: Foul Ball, location: 2F
3-2: Base on Balls
Batting: SHB Cedric Fields 0-0: Ball
1-0: Called Strike
1-1: Foul Ball, location: 2F
1-2: Strikes out looking
Batting: LHB Tyrone Morgan 0-0: Ball
1-0: Called Strike
1-1: Ball
2-1: Called Strike
2-2: Fly out, F6 (Popup, 56D)
Batting: RHB 聲gel Vargas 0-0: Ball
1-0: Foul Ball, location: 2F
1-1: Ball
2-1: Foul Ball, location: 2F
2-2: Strikes out swinging
Top of the 2nd over - 0 run(s), 0 hit(s), 0 error(s), 1 left on base; Bakersfield 0 - Phoenix 0
BOTTOM OF THE 2ND
Phoenix Hotspur Reserves batting - Pitching for Bakersfield Nobles : RHP Robert Murdock
Batting: RHB Pedro Crespo 0-0: Ball
1-0: Ground out 1-3 (Groundball, 13)
Batting: RHB Richard Moss 0-0: Fly out, F3 (Line Drive, 3)
Batting: LHB Juan 聲gel 0-0: Called Strike
0-1: Ball
1-1: DOUBLE (Flyball, 89XD)
Batting: RHB Greg Griffin 0-0: Ground out 6-3 (Groundball, 6M)
Bottom of the 2nd over - 0 run(s), 1 hit(s), 0 error(s), 1 left on base; Bakersfield 0 - Phoenix 0
TOP OF THE 3RD
Bakersfield Nobles batting - Pitching for Phoenix Hotspur Reserves : RHP Russ Rose
Batting: RHB Ron G廨ard 0-0: Foul Ball, location: 2F
0-1: Foul Ball, location: 2F
0-2: Strikes out swinging
Batting: SHB Walt Smith 0-0: Ball
1-0: Called Strike
1-1: Ball
2-1: Ground out 4-3 (Groundball, 4)
Batting: LHB Tim Walker 0-0: Ball
1-0: Fly out, F7 (Flyball, 7LS)
Top of the 3rd over - 0 run(s), 0 hit(s), 0 error(s), 0 left on base; Bakersfield 0 - Phoenix 0
BOTTOM OF THE 3RD
Phoenix Hotspur Reserves batting - Pitching for Bakersfield Nobles : RHP Robert Murdock
Batting: SHB John Jenkins 0-0: Foul Ball, location: 2F
0-1: Ground out 4-3 (Groundball, 34)
Batting: RHB Jim Unknown 0-0: Called Strike
0-1: Ball
1-1: DOUBLE (Line Drive, 7D)
Batting: LHB Ricardo Miranda 0-0: Called Strike
0-1: Fly out, F7 (Flyball, 7LM)
Batting: RHB Jaime Chavarriaga 0-0: Called Strike
0-1: Ball
1-1: Ball
2-1: Foul Ball, location: 2F
2-2: Foul Ball, location: 2F
2-2: Ball
3-2: SINGLE (Line Drive, 6MD)
Jim Unknown to third
Jim Unknown scores
Batting: LHB Chad Campbell 0-0: Ball
1-0: Called Strike
1-1: Ball
2-1: Ball
3-1: Base on Balls
Jaime Chavarriaga to second
Batting: RHB Pedro Crespo 0-0: Ball
1-0: Foul Ball, location: 2F
1-1: Swinging Strike
1-2: Fly out, F9 (Flyball, 89M)
Bottom of the 3rd over - 1 run(s), 2 hit(s), 0 error(s), 2 left on base; Bakersfield 0 - Phoenix 1
TOP OF THE 4TH
Bakersfield Nobles batting - Pitching for Phoenix Hotspur Reserves : RHP Russ Rose
Batting: RHB Jorge Gonz嫮es 0-0: Ball
1-0: Foul Ball, location: 2F
1-1: SOLO HOME RUN (Line Drive, 7D), Distance : 382 ft
Batting: LHB Chris Nelson 0-0: SINGLE (Line Drive, 6MD)
Batting: SHB Ernest Miller 0-0: Swinging Strike
0-1: Ball
1-1: Fielders Choice at 2nd, 4-6 (Groundball, 4)
Batting: SHB Cedric Fields 0-0: Called Strike
0-1: Ball
1-1: Swinging Strike
1-2: DOUBLE (Line Drive, 9LS)
Ernest Miller to third
Batting: LHB Tyrone Morgan 0-0: Ball
1-0: Ball
2-0: SINGLE (Groundball, 4MD)
Ernest Miller scores
Cedric Fields to third
Runner from 3rd tries for Home, SAFE, no throw or cutoff
Batting: RHB 聲gel Vargas 0-0: Ball
1-0: Called Strike
1-1: Ball
2-1: Ball
3-1: Base on Balls
Tyrone Morgan to second
Batting: RHB Ron G廨ard 0-0: Ball
1-0: Ball
2-0: SINGLE (Groundball, 6M)
Tyrone Morgan to third
聲gel Vargas to second
Batting: SHB Walt Smith 0-0: Called Strike
0-1: Ball
Passed Ball!
Tyrone Morgan scores
聲gel Vargas to third
Ron G廨ard to second
1-1: Ball
2-1: Fly out, F8 (Flyball, 8LM)
Runner from 3rd tags up, SCORES, throw made
Pitching: LHP Lee Reynolds
Batting: LHB Tim Walker 0-0: Called Strike
0-1: DOUBLE (Flyball, 7LM)
Ron G廨ard scores
Batting: RHB Jorge Gonz嫮es 0-0: Swinging Strike
0-1: Ball
1-1: Foul Ball, location: 2F
1-2: Foul Ball, location: 2F
1-2: Foul Ball, location: 2F
1-2: Strikes out swinging
Top of the 4th over - 6 run(s), 6 hit(s), 0 error(s), 1 left on base; Bakersfield 6 - Phoenix 1
BOTTOM OF THE 4TH
Phoenix Hotspur Reserves batting - Pitching for Bakersfield Nobles : RHP Robert Murdock
Batting: RHB Richard Moss 0-0: Ball
1-0: Ball
2-0: Called Strike
2-1: Foul Ball, location: 2F
2-2: Ball
3-2: Strikes out swinging
Batting: LHB Juan 聲gel 0-0: Swinging Strike
0-1: Ball
1-1: Foul Ball, location: 2F
1-2: Foul Ball, location: 2F
1-2: Ball
2-2: Strikes out swinging
Batting: RHB Greg Griffin 0-0: Ball
1-0: Foul Ball, location: 2F
1-1: Swinging Strike
1-2: Ball
2-2: Ground out 5-3 (Groundball, 56S)
Bottom of the 4th over - 0 run(s), 0 hit(s), 0 error(s), 0 left on base; Bakersfield 6 - Phoenix 1
TOP OF THE 5TH
Bakersfield Nobles batting - Pitching for Phoenix Hotspur Reserves : LHP Lee Reynolds
Batting: LHB Chris Nelson 0-0: Ball
1-0: Swinging Strike
1-1: Ball
2-1: Ball
3-1: Foul Ball, location: 2F
3-2: Strikes out swinging
Batting: SHB Ernest Miller 0-0: Ball
1-0: Ball
2-0: Called Strike
2-1: Ball
3-1: Swinging Strike
3-2: Strikes out swinging
Batting: SHB Cedric Fields 0-0: SINGLE (Line Drive, 7S)
Batting: LHB Tyrone Morgan 0-0: Foul Ball, location: 2F
0-1: Foul Ball, location: 2F
0-2: Foul Ball, location: 2F
0-2: DOUBLE (Line Drive, 9LS)
Cedric Fields to third
Runner from 3rd tries for Home, throw and OUT!
Top of the 5th over - 0 run(s), 2 hit(s), 0 error(s), 1 left on base; Bakersfield 6 - Phoenix 1
BOTTOM OF THE 5TH
Phoenix Hotspur Reserves batting - Pitching for Bakersfield Nobles : RHP Robert Murdock
Batting: SHB John Jenkins 0-0: Foul Ball, location: 2F
0-1: Swinging Strike
0-2: Foul Ball, location: 2F
0-2: Ball
1-2: Ball
2-2: SINGLE (Line Drive, 9S)
Batting: RHB Jim Unknown 0-0: Fly out, F5 (Popup, 25)
Batting: LHB Ricardo Miranda 0-0: Called Strike
0-1: Ball
1-1: SINGLE (Groundball, 34D)
John Jenkins to second
Runner from 2nd tries for 3rd, SAFE, throw made to third
Batting: RHB Jaime Chavarriaga 0-0: Ball
1-0: Swinging Strike
1-1: Ball
Wild Pitch!
John Jenkins scores
Ricardo Miranda to second
2-1: Ground out 4-3 (Groundball, 4M)
Ricardo Miranda to third
Batting: LHB Chad Campbell 0-0: Ball
1-0: Foul Ball, location: 2F
1-1: 2-RUN HOME RUN (Flyball, 9D), Distance : 393 ft
Batting: RHB Pedro Crespo 0-0: Ball
1-0: Foul Ball, location: 2F
1-1: Swinging Strike
1-2: Strikes out looking
Bottom of the 5th over - 3 run(s), 3 hit(s), 0 error(s), 0 left on base; Bakersfield 6 - Phoenix 4
TOP OF THE 6TH
Bakersfield Nobles batting - Pitching for Phoenix Hotspur Reserves : LHP Lee Reynolds
Batting: RHB 聲gel Vargas 0-0: Ball
1-0: Ball
2-0: Ball
3-0: Called Strike
3-1: Called Strike
3-2: Base on Balls
Batting: RHB Ron G廨ard 0-0: Bunted foul
0-1: Reached on error, E5 (Groundball, 5L)
聲gel Vargas to second
Batting: SHB Walt Smith 0-0: Called Strike
0-1: Ball
1-1: Ball
2-1: Foul Ball, location: 2F
2-2: Ball
3-2: Base on Balls
聲gel Vargas to third
Ron G廨ard to second
Batting: LHB Tim Walker 0-0: Ball
1-0: SINGLE (Groundball, 13) (infield hit)
聲gel Vargas scores
Ron G廨ard to third
Walt Smith to second
Batting: RHB Jorge Gonz嫮es 0-0: Ball
1-0: Called Strike
1-1: Grounds into fielders choice 1-2 (Groundball, 15S)
Walt Smith to third
Tim Walker to second
Batting: LHB Chris Nelson 0-0: Ball
1-0: Foul Ball, location: 2F
1-1: Called Strike
1-2: Foul Ball, location: 2F
1-2: Foul Ball, location: 2F
1-2: SINGLE (Flyball, 7LS)
Walt Smith scores
Tim Walker to third
Jorge Gonz嫮es to second
Runner from 3rd tries for Home, SAFE, throw made home
Pitching: RHP Chris Schaefer
Batting: SHB Ernest Miller 0-0: Ball
1-0: SINGLE (Flyball, 8LS)
Jorge Gonz嫮es to third
Chris Nelson to second
Runner from 3rd tries for Home, SAFE, throw made home
Chris Nelson to third
Ernest Miller to second
Batting: SHB Cedric Fields 0-0: Ball
1-0: Called Strike
1-1: Called Strike
1-2: Fly out, F3 (Popup, 3S)
Batting: LHB Tyrone Morgan 0-0: Called Strike
0-1: Foul Ball, location: 2F
0-2: Fly out, F4 (Line Drive, 4M)
Top of the 6th over - 4 run(s), 3 hit(s), 1 error(s), 2 left on base; Bakersfield 10 - Phoenix 4
BOTTOM OF THE 6TH
Phoenix Hotspur Reserves batting - Pitching for Bakersfield Nobles : RHP Robert Murdock
Batting: RHB Richard Moss 0-0: Called Strike
0-1: Ball
1-1: Ball
2-1: Foul Ball, location: 2F
2-2: Strikes out looking
Batting: LHB Juan 聲gel 0-0: Called Strike
0-1: Ball
1-1: Ball
2-1: Called Strike
2-2: Fly out, F9 (Flyball, 9D)
Batting: RHB Greg Griffin 0-0: Ball
1-0: Ball
2-0: Ground out 1-3 (Groundball, 23)
Bottom of the 6th over - 0 run(s), 0 hit(s), 0 error(s), 0 left on base; Bakersfield 10 - Phoenix 4
TOP OF THE 7TH
Bakersfield Nobles batting - Pitching for Phoenix Hotspur Reserves : RHP Chris Schaefer
Batting: RHB 聲gel Vargas 0-0: Called Strike
0-1: Ball
1-1: Called Strike
1-2: Ball
2-2: Foul Ball, location: 2F
2-2: Ball
3-2: Base on Balls
Batting: RHB Ron G廨ard 0-0: Ball
1-0: Grounds into double play, 4-6-3 (Groundball, 4)
Batting: SHB Walt Smith 0-0: Ball
1-0: Swinging Strike
1-1: Fly out, F7 (Flyball, 7M)
Top of the 7th over - 0 run(s), 0 hit(s), 0 error(s), 0 left on base; Bakersfield 10 - Phoenix 4
BOTTOM OF THE 7TH
Phoenix Hotspur Reserves batting - Pitching for Bakersfield Nobles : RHP Robert Murdock
Batting: SHB John Jenkins 0-0: Ground out 4-3 (Groundball, 4)
Batting: RHB Jim Unknown 0-0: Ball
1-0: Ball
2-0: Fly out, F7 (Flyball, 7D)
Batting: LHB Ricardo Miranda 0-0: Ball
1-0: Ball
2-0: Called Strike
2-1: SINGLE (Groundball, 4MD)
Pitching: LHP Gerardo M嫫quez
Batting: RHB Jaime Chavarriaga 0-0: Called Strike
0-1: Swinging Strike
0-2: Strikes out swinging
Bottom of the 7th over - 0 run(s), 1 hit(s), 0 error(s), 1 left on base; Bakersfield 10 - Phoenix 4
TOP OF THE 8TH
Bakersfield Nobles batting - Pitching for Phoenix Hotspur Reserves : RHP Chris Schaefer
Batting: LHB Tim Walker 0-0: Ball
1-0: Foul Ball, location: 2F
1-1: Ball
2-1: Ground out 5-3 (Groundball, 5S)
Pitching: RHP Feliks Mleczko
Batting: RHB Jorge Gonz嫮es 0-0: Ball
1-0: Called Strike
1-1: Ball
2-1: Called Strike
2-2: Foul Ball, location: 2F
2-2: Ground out 6-3 (Groundball, 6M)
Batting: LHB Chris Nelson 0-0: Called Strike
0-1: Foul Ball, location: 2F
0-2: Ground out 6-3 (Groundball, 56)
Top of the 8th over - 0 run(s), 0 hit(s), 0 error(s), 0 left on base; Bakersfield 10 - Phoenix 4
BOTTOM OF THE 8TH
Phoenix Hotspur Reserves batting - Pitching for Bakersfield Nobles : LHP Gerardo M嫫quez
Batting: LHB Chad Campbell 0-0: Ball
1-0: Ball
2-0: Fly out, F8 (Flyball, 8RS)
Batting: RHB Pedro Crespo 0-0: Called Strike
0-1: Called Strike
0-2: Foul Ball, location: 2F
0-2: Ball
1-2: Ball
2-2: Strikes out swinging
Batting: RHB Richard Moss 0-0: Ball
1-0: Reached on error, E6 (Groundball, 6)
Batting: LHB Juan 聲gel 0-0: Ball
1-0: Foul Ball, location: 2F
1-1: Foul Ball, location: 2F
1-2: Foul Ball, location: 2F
1-2: Ball
2-2: Strikes out looking
Bottom of the 8th over - 0 run(s), 0 hit(s), 1 error(s), 1 left on base; Bakersfield 10 - Phoenix 4
TOP OF THE 9TH
Bakersfield Nobles batting - Pitching for Phoenix Hotspur Reserves : RHP Feliks Mleczko
Batting: SHB Ernest Miller 0-0: Reached on error, E4 (Groundball, 4)
Batting: SHB Cedric Fields 0-0: Foul Ball, location: 2F
0-1: Fielders Choice at 2nd, 4-6 (Groundball, 34)
Batting: LHB Tyrone Morgan 0-0: Swinging Strike
0-1: Foul Ball, location: 2F
0-2: Ball
1-2: Ball
2-2: Fly out, F2 (Popup, 25F)
Batting: RHB 聲gel Vargas 0-0: Ball
1-0: Ball
2-0: Called Strike
2-1: Ball
3-1: Foul Ball, location: 2F
3-2: Base on Balls
Cedric Fields to second
Batting: RHB Ron G廨ard 0-0: Called Strike
0-1: DOUBLE (Flyball, 78M)
Cedric Fields scores
聲gel Vargas to third
Batting: SHB Walt Smith 0-0: Fly out, F6 (Line Drive, 6)
Top of the 9th over - 1 run(s), 1 hit(s), 1 error(s), 2 left on base; Bakersfield 11 - Phoenix 4
BOTTOM OF THE 9TH
Phoenix Hotspur Reserves batting - Pitching for Bakersfield Nobles : LHP Gerardo M嫫quez
Batting: RHB Greg Griffin 0-0: Ground out 3-1 (Groundball, 34)
Batting: SHB John Jenkins 0-0: SINGLE (Groundball, 34D)
Batting: RHB Jim Unknown 0-0: Ball
1-0: Fly out, F9 (Flyball, 89M)
Batting: LHB Ricardo Miranda 0-0: Swinging Strike
0-1: Ball
1-1: Ball
2-1: Foul Ball, location: 2F
2-2: Strikes out looking
Bottom of the 9th over - 0 run(s), 1 hit(s), 0 error(s), 1 left on base; Bakersfield 11 - Phoenix 4
This league is powered by Out of the Park Baseball, the baseball management simulation game for PC, Mac and Linux
Saturday, February 27th, 2021 - OOTP Baseball 15.6 Build 34